[Event "43. Zurich Weihnachtsopen 2019"]
[Site "Zurich/SUI"]
[Date "2019.12.26"]
[Round "1.1"]
[White "Schweighoffer, Martin"]
[Black "Lagarde, Maxime"]
[Result "0-1"]
[ECO "B06"]
[WhiteElo "2138"]
[BlackElo "2655"]
[Annotator "ChessBase"]
[PlyCount "84"]
[EventDate "2019.12.26"]
[EventType "swiss"]
[SourceTitle "playchess.com"]
[Source "ChessBase"]
[SourceQuality "1"]
[TimeControl "40/5400+30:1800+30"]

1. e4 g6 2. d4 Bg7 3. f4 d5 4. e5 Nh6 5. Nf3 Bg4 6. Be2 Bxf3 7. Bxf3 e6 8. Be3 Nf5 9. Bf2 h5 10. Qe2 c6 11. Nd2 Nd7 12. g3 a5 13. a4 Bf8 14. Nb3 Nb6 15. Nc1 Rc8 16. Nd3 Nd7 17. O-O Be7 18. Rfd1 Kf8 19. c3 Kg7 20. Rac1 Qb6 21. Ra1 Qc7 22. Rac1 b5 23. Ra1 Qb6 24. Rdc1 bxa4 25. Rxa4 c5 26. dxc5 Nxc5 27. b4 axb4 28. cxb4 Nxd3 29. Rxc8 Nxf2 30. Rxh8 Ng4+ 31. Kh1 Kxh8 32. Bxg4 hxg4 33. b5 Kg7 34. Ra6 Qd4 35. Ra2 Bc5 36. Qe1 Ne3 37. h4 gxh3 38. Kh2 Qe4 39. Re2 d4 40. Kxh3 d3 41. Rb2 Qf5+ 42. Kh2 Qh5+ 0-1

[Event "43. Zurich Weihnachtsopen 2019"]
[Site "Zurich/SUI"]
[Date "2019.12.26"]
[Round "1.2"]
[White "Martirosyan, Haik M."]
[Black "Kornitzky, Tino"]
[Result "1-0"]
[ECO "D52"]
[WhiteElo "2613"]
[BlackElo "2135"]
[Annotator "ChessBase"]
[PlyCount "49"]
[EventDate "2019.12.26"]
[EventType "swiss"]
[SourceTitle "playchess.com"]
[Source "ChessBase"]
[SourceQuality "1"]
[TimeControl "40/5400+30:1800+30"]

1. d4 Nf6 2. c4 e6 3. Nf3 d5 4. Nc3 Nbd7 5. Bg5 c6 6. e3 Qa5 7. cxd5 Nxd5 8. Rc1 Bb4 9. Qd2 c5 10. a3 Bxc3 11. bxc3 b6 12. Bd3 Ba6 13. e4 Bxd3 14. Qxd3 Nc7 15. O-O O-O 16. Bf4 Rac8 17. Nd2 b5 18. Qg3 Rfe8 19. Nb3 Qb6 20. Bh6 g6 21. Nxc5 Re7 22. Qh4 Nxc5 23. Qf6 Ne8 24. Qxe7 Nxe4 25. Qf8# 1-0

[Event "43. Zurich Weihnachtsopen 2019"]
[Site "Zurich/SUI"]
[Date "2019.12.26"]
[Round "1.3"]
[White "Narland, Tallak U."]
[Black "Svane, Rasmus"]
[Result "0-1"]
[ECO "B13"]
[WhiteElo "2132"]
[BlackElo "2597"]
[Annotator "ChessBase"]
[PlyCount "52"]
[EventDate "2019.12.26"]
[EventType "swiss"]
[SourceTitle "playchess.com"]
[Source "ChessBase"]
[SourceQuality "1"]
[TimeControl "40/5400+30:1800+30"]

1. e4 c6 2. d4 d5 3. exd5 cxd5 4. Bd3 Nc6 5. c3 Qc7 6. Ne2 Bg4 7. f3 Bd7 8. Qb3 Nf6 9. Bf4 e5 10. dxe5 Nxe5 11. Bb5 Bd6 12. Bxd7+ Qxd7 13. O-O O-O 14. Nd2 Rfe8 15. Nd4 Nc4 16. Bg5 h6 17. Bxh6 gxh6 18. Nxc4 dxc4 19. Qxc4 Rac8 20. Qd3 Bc5 21. Rad1 Nd5 22. Rfe1 Nf4 23. Qd2 Bxd4+ 24. cxd4 Qf5 25. Rxe8+ Rxe8 26. g3 Re2 0-1

[Event "43. Zurich Weihnachtsopen 2019"]
[Site "Zurich/SUI"]
[Date "2019.12.26"]
[Round "1.6"]
[White "Grover, Sahaj"]
[Black "Sertbay, Huseyin"]
[Result "1-0"]
[ECO "A56"]
[WhiteElo "2508"]
[BlackElo "2106"]
[Annotator "ChessBase"]
[PlyCount "63"]
[EventDate "2019.12.26"]
[EventType "swiss"]
[SourceTitle "playchess.com"]
[Source "ChessBase"]
[SourceQuality "1"]
[TimeControl "40/5400+30:1800+30"]

1. d4 Nf6 2. c4 c5 3. d5 e5 4. Nc3 d6 5. e4 Nbd7 6. Bd3 Be7 7. Nge2 Nf8 8. Ng3 Ng6 9. Nf5 O-O 10. Qf3 Ne8 11. h4 Bf6 12. Ne2 Bxf5 13. exf5 e4 14. Qxe4 Ne5 15. Bc2 Nc7 16. g4 Re8 17. g5 Nc6 18. Qg4 Nd4 19. Be4 Nxe2 20. Kxe2 Bd4 21. Kf3 Qd7 22. h5 b5 23. cxb5 Rxe4 24. Qxe4 Re8 25. Qg4 Nxd5 26. Kg2 Qxb5 27. Qf3 Qc4 28. Bd2 Bxf2 29. b3 Qe2 30. Qxf2 Qg4+ 31. Kf1 Re5 32. Rh4 1-0

[Event "43. Zurich Weihnachtsopen 2019"]
[Site "Zurich/SUI"]
[Date "2019.12.26"]
[Round "1.7"]
[White "Borner, Daniel"]
[Black "Henderson de La Fuente, Lance"]
[Result "0-1"]
[ECO "B20"]
[WhiteElo "2105"]
[BlackElo "2492"]
[Annotator "ChessBase"]
[PlyCount "100"]
[EventDate "2019.12.26"]
[EventType "swiss"]
[SourceTitle "playchess.com"]
[Source "ChessBase"]
[SourceQuality "1"]
[TimeControl "40/5400+30:1800+30"]

1. e4 c5 2. d3 e6 3. f4 d5 4. Qe2 Nc6 5. Nf3 Nge7 6. g3 g6 7. Bg2 Bg7 8. O-O O-O 9. c3 b6 10. e5 Bb7 11. Na3 Qd7 12. Nc2 a5 13. Be3 Ba6 14. Rad1 f6 15. exf6 Bxf6 16. Bf2 Rae8 17. Rfe1 Nf5 18. Qd2 d4 19. c4 e5 20. fxe5 Nxe5 21. Nxe5 Bxe5 22. Re2 Bf6 23. Rde1 Kg7 24. Rxe8 Rxe8 25. Rxe8 Qxe8 26. b3 h5 27. Be4 Nd6 28. Bd5 Nf7 29. Qe1 Ne5 30. Qe2 Bc8 31. Ne1 Bg4 32. Qb2 Bg5 33. a3 Bf5 34. b4 axb4 35. axb4 Qe7 36. bxc5 bxc5 37. Qb8 Nf7 38. Qa8 Bf6 39. Qb8 Ne5 40. Qb3 Ng4 41. Qb2 Bg5 42. Qb8 Nf6 43. Nf3 Be3 44. Ne5 Kh7 45. Qb7 Nxd5 46. Qxd5 Bh6 47. Nc6 Qb7 48. h4 Bxd3 49. Qxc5 Qb1+ 50. Kh2 Be4 0-1

[Event "43. Zurich Weihnachtsopen 2019"]
[Site "Zurich/SUI"]
[Date "2019.12.26"]
[Round "1.8"]
[White "Pikula, Dejan"]
[Black "Froewis, Annika"]
[Result "1-0"]
[ECO "D02"]
[WhiteElo "2444"]
[BlackElo "2100"]
[Annotator "NA"]
[PlyCount "85"]
[EventDate "2019.12.26"]
[EventType "swiss"]
[SourceTitle "playchess.com"]
[Source "ChessBase"]
[SourceQuality "1"]
[TimeControl "40/5400+30:1800+30"]

1. d4 d5 2. Bf4 Nf6 3. e3 e6 4. Nd2 c5 5. c3 Nc6 6. Ngf3 cxd4 7. exd4 Nh5 8. Be3 g6 9. Bd3 Qc7 10. O-O Bg7 11. Re1 O-O 12. Nf1 f6 13. Bc2 Rd8 14. Qd2 Bf8 15. Ng3 Ng7 16. Bf4 Qf7 17. a4 Ne8 18. h4 Nd6 19. b3 b6 20. Kh2 Qg7 21. Re3 Nf7 22. Rae1 Re8 23. b4 Bd7 24. Bb3 Rac8 25. Kg1 h6 26. Rd3 g5 27. Nh5 Qg6 28. Nxf6+ Qxf6 29. hxg5 hxg5 30. Nxg5 Ne7 31. Rg3 Ng6 32. Be5 Nfxe5 33. dxe5 Qg7 34. Bc2 Rc4 35. Nf3 Kf7 36. Bxg6+ Qxg6 37. Rxg6 Kxg6 38. Qg5+ Kh7 39. Qh5+ Kg8 40. Qg6+ Bg7 41. Ng5 Rf4 42. Re3 Kf8 43. Nh7+ 1-0

[Event "43. Zurich Weihnachtsopen 2019"]
[Site "Zurich/SUI"]
[Date "2019.12.27"]
[Round "2.1"]
[White "Lagarde, Maxime"]
[Black "Koskinen, Henri"]
[Result "1-0"]
[ECO "A03"]
[WhiteElo "2655"]
[BlackElo "2256"]
[Annotator "ChessBase"]
[PlyCount "59"]
[EventDate "2019.12.26"]
[EventType "swiss"]
[SourceTitle "playchess.com"]
[Source "ChessBase"]
[SourceQuality "1"]
[TimeControl "40/5400+30:1800+30"]

1. g3 d5 2. Bg2 Nf6 3. f4 g6 4. Nf3 Bg7 5. O-O O-O 6. d3 b5 7. Qe1 Bb7 8. a4 bxa4 9. Nc3 e6 10. e4 Nbd7 11. e5 Ne8 12. Nxa4 c5 13. b4 cxb4 14. Qxb4 Qc8 15. Be3 Nc7 16. Rfb1 Bc6 17. Nd4 Bxa4 18. Qxa4 Re8 19. c4 Bf8 20. Nb3 f6 21. Rc1 Nb6 22. Qa5 fxe5 23. fxe5 Qd7 24. c5 Nc8 25. c6 Qd8 26. Nc5 Nb6 27. Nd7 Bg7 28. h4 h6 29. Bxb6 axb6 30. Qxb6 1-0

[Event "43. Zurich Weihnachtsopen 2019"]
[Site "Zurich/SUI"]
[Date "2019.12.27"]
[Round "2.2"]
[White "Hakimifard, Ghazal"]
[Black "Martirosyan, Haik M."]
[Result "0-1"]
[ECO "B30"]
[WhiteElo "2255"]
[BlackElo "2613"]
[Annotator "ChessBase"]
[PlyCount "46"]
[EventDate "2019.12.26"]
[EventType "swiss"]
[SourceTitle "playchess.com"]
[Source "ChessBase"]
[SourceQuality "1"]
[TimeControl "40/5400+30:1800+30"]

1. e4 c5 2. Nf3 Nc6 3. Bb5 e6 4. O-O Nge7 5. Re1 a6 6. Bf1 d5 7. Nc3 d4 8. Ne2 e5 9. Ng3 f6 10. b3 h5 11. Nh4 g6 12. Qf3 Bh6 13. Nxh5 gxh5 14. Qxf6 Kd7 15. Nf5 Nxf5 16. Qxf5+ Ke7 17. Qf3 Bg4 18. Qg3 Bf4 19. Qh4+ Kd6 20. Qxd8+ Raxd8 21. d3 h4 22. g3 Bxc1 23. Raxc1 Rdf8 0-1

[Event "43. Zurich Weihnachtsopen 2019"]
[Site "Zurich/SUI"]
[Date "2019.12.27"]
[Round "2.3"]
[White "Svane, Rasmus"]
[Black "Spiric, Igor"]
[Result "1-0"]
[ECO "B22"]
[WhiteElo "2597"]
[BlackElo "2239"]
[Annotator "ChessBase"]
[PlyCount "53"]
[EventDate "2019.12.26"]
[EventType "swiss"]
[SourceTitle "playchess.com"]
[Source "ChessBase"]
[SourceQuality "1"]
[TimeControl "40/5400+30:1800+30"]

1. e4 c5 2. Nf3 e6 3. c3 Nf6 4. e5 Nd5 5. d4 cxd4 6. cxd4 Qa5+ 7. Bd2 Bb4 8. Bc4 Bxd2+ 9. Nbxd2 b6 10. a3 b5 11. Bxd5 exd5 12. O-O O-O 13. Qc2 Qb6 14. Rfc1 Bb7 15. Nb3 Na6 16. Qf5 Qe6 17. Qxe6 fxe6 18. Na5 Rab8 19. b4 Rf4 20. Rc3 Ba8 21. g3 Rxf3 22. Rxf3 Rc8 23. Rd1 Nb8 24. Rdd3 Rc1+ 25. Kg2 Rc4 26. Rf4 Nc6 27. Rdf3 1-0

[Event "43. Zurich Weihnachtsopen 2019"]
[Site "Zurich/SUI"]
[Date "2019.12.27"]
[Round "2.4"]
[White "Ludwig, Peter"]
[Black "Wagner, Dennis"]
[Result "0-1"]
[ECO "A37"]
[WhiteElo "2186"]
[BlackElo "2578"]
[Annotator "ChessBase"]
[PlyCount "66"]
[EventDate "2019.12.26"]
[EventType "swiss"]
[SourceTitle "playchess.com"]
[Source "ChessBase"]
[SourceQuality "1"]
[TimeControl "40/5400+30:1800+30"]

1. Nf3 g6 2. g3 Bg7 3. Bg2 c5 4. c4 Nc6 5. Nc3 d6 6. O-O Be6 7. Ng5 Bxc4 8. Qa4 h6 9. Bxc6+ bxc6 10. Qxc6+ Kf8 11. d3 hxg5 12. dxc4 g4 13. Bg5 Bxc3 14. bxc3 Rh5 15. Bf4 Nf6 16. Rab1 Rc8 17. Qb7 Kg7 18. h4 gxh3 19. f3 Rc7 20. Qb2 Qd7 21. Kh2 Qe6 22. e4 Qxc4 23. Qd2 Nd7 24. g4 Rh8 25. Kg3 Rb7 26. Rh1 Rxb1 27. Rxb1 Nb6 28. Rh1 Na4 29. Rxh3 Rxh3+ 30. Kxh3 Nxc3 31. Bh6+ Kg8 32. e5 Qf1+ 33. Kh4 Qxf3 0-1

[Event "43. Zurich Weihnachtsopen 2019"]
[Site "Zurich/SUI"]
[Date "2019.12.27"]
[Round "2.5"]
[White "Lou, Vincent"]
[Black "Kunin, Vitaly"]
[Result "0-1"]
[ECO "A41"]
[WhiteElo "2177"]
[BlackElo "2538"]
[Annotator "ChessBase"]
[PlyCount "100"]
[EventDate "2019.12.26"]
[EventType "swiss"]
[SourceTitle "playchess.com"]
[Source "ChessBase"]
[SourceQuality "1"]
[TimeControl "40/5400+30:1800+30"]

1. d4 d6 2. Nf3 Bg4 3. c4 Nd7 4. Nc3 c6 5. h3 Bxf3 6. exf3 g6 7. Be2 Bg7 8. Be3 a6 9. a4 a5 10. f4 Ngf6 11. g4 e6 12. h4 h5 13. g5 Ng8 14. d5 Nc5 15. Bd4 Bxd4 16. Qxd4 Rh7 17. Rd1 Ne7 18. dxe6 Nf5 19. exf7+ Rxf7 20. Qh8+ Kd7 21. Qxd8+ Rxd8 22. Rh3 Rdf8 23. Bd3 Ne7 24. Ne2 Nxa4 25. Rd2 Nc5 26. Bc2 a4 27. Kf1 Rb8 28. f5 Nxf5 29. Nf4 Re8 30. Kg1 Re1+ 31. Kh2 Ne4 32. Bxe4 Rxe4 33. Nxg6 Rg7 34. f3 Re1 35. Nf4 Rge7 36. Nxh5 R1e2+ 37. Rxe2 Rxe2+ 38. Kg1 Rxb2 39. f4 Rb3 40. Nf6+ Ke6 41. Rxb3 axb3 42. Ne4 Nxh4 43. Kf2 Kf5 44. Ke3 Ng2+ 45. Kd2 Kxe4 46. g6 b2 47. g7 b1=Q 48. g8=Q Qb2+ 49. Kd1 Ne3+ 50. Ke1 Kf3 0-1

[Event "43. Zurich Weihnachtsopen 2019"]
[Site "Zurich/SUI"]
[Date "2019.12.27"]
[Round "2.6"]
[White "Drechsler, Christoph"]
[Black "Grover, Sahaj"]
[Result "0-1"]
[ECO "D05"]
[WhiteElo "2157"]
[BlackElo "2508"]
[Annotator "ChessBase"]
[PlyCount "86"]
[EventDate "2019.12.26"]
[EventType "swiss"]
[SourceTitle "playchess.com"]
[Source "ChessBase"]
[SourceQuality "1"]
[TimeControl "40/5400+30:1800+30"]

1. d4 Nf6 2. Nf3 e6 3. Nbd2 c5 4. c3 d5 5. e3 Nbd7 6. Bd3 Bd6 7. O-O O-O 8. Re1 e5 9. e4 Qc7 10. exd5 cxd4 11. cxd4 exd4 12. Ne4 Nxd5 13. Nxd6 Qxd6 14. Re4 N7f6 15. Rxd4 Qb6 16. Bc4 Ne7 17. Qb3 Qxb3 18. Bxb3 Nc6 19. Rd6 Ne4 20. Rd1 Bg4 21. h3 Bxf3 22. gxf3 Nc5 23. Bc4 Na4 24. Bb5 Nb6 25. Bf4 Rfd8 26. Bc7 Rd5 27. Rxd5 Nxd5 28. Bg3 Ndb4 29. Ba4 Nd3 30. Rb1 Nd4 31. Kg2 b5 32. Bd1 Re8 33. Bb3 Nxb3 34. axb3 Re1 35. Rxe1 Nxe1+ 36. Kf1 Nxf3 37. b4 f5 38. Bb8 a6 39. Ba7 Kf7 40. Ke2 Ng1+ 41. Ke3 Nxh3 42. f4 h6 43. Bb8 g5 0-1

[Event "43. Zurich Weihnachtsopen 2019"]
[Site "Zurich/SUI"]
[Date "2019.12.27"]
[Round "2.7"]
[White "Henderson de La Fuente, Lance"]
[Black "Akermann, Thomas"]
[Result "1-0"]
[ECO "B07"]
[WhiteElo "2492"]
[BlackElo "2175"]
[Annotator "ChessBase"]
[PlyCount "83"]
[EventDate "2019.12.26"]
[EventType "swiss"]
[SourceTitle "playchess.com"]
[Source "ChessBase"]
[SourceQuality "1"]
[TimeControl "40/5400+30:1800+30"]

1. d4 d6 2. e4 Nf6 3. Nc3 c6 4. Nf3 Bg4 5. Be3 e6 6. h3 Bh5 7. Bd3 d5 8. e5 Nfd7 9. g4 Bg6 10. Bxg6 hxg6 11. Ne2 Qb6 12. b3 Qa5+ 13. Kf1 Ba3 14. c3 Nb6 15. Qc2 N8d7 16. Kg2 Qb5 17. Nf4 O-O-O 18. Bc1 Qa6 19. c4 dxc4 20. Bxa3 Qxa3 21. bxc4 Kb8 22. c5 Nd5 23. Nxd5 exd5 24. Ng5 Nf8 25. Nxf7 Ne6 26. Qb3 Qa6 27. Qe3 g5 28. Nxg5 Nxg5 29. Qxg5 Rdf8 30. Qe3 g5 31. e6 Ka8 32. e7 Re8 33. Rhe1 Rhg8 34. Qe6 Rh8 35. Qf6 Rhg8 36. Qf7 b6 37. Rab1 Kb7 38. Qe6 Qa4 39. Qd7+ Ka6 40. Qc7 Rc8 41. Rxb6+ axb6 42. Qxb6# 1-0

[Event "43. Zurich Weihnachtsopen 2019"]
[Site "Zurich/SUI"]
[Date "2019.12.27"]
[Round "2.8"]
[White "Monteverde, Jonathan"]
[Black "Pikula, Dejan"]
[Result "0-1"]
[ECO "A42"]
[WhiteElo "2152"]
[BlackElo "2444"]
[Annotator "NA"]
[PlyCount "86"]
[EventDate "2019.12.26"]
[EventType "swiss"]
[SourceTitle "playchess.com"]
[Source "ChessBase"]
[SourceQuality "1"]
[TimeControl "40/5400+30:1800+30"]

1. d4 d6 2. Nf3 g6 3. c4 Bg7 4. Nc3 Nd7 5. e4 e5 6. Be2 Ne7 7. Be3 O-O 8. Qd2 exd4 9. Nxd4 Nc6 10. O-O a5 11. Rfd1 Nxd4 12. Bxd4 b6 13. Nd5 Nc5 14. Bxg7 Kxg7 15. Qd4+ f6 16. b3 Re8 17. f3 Be6 18. Bf1 g5 19. Qc3 h5 20. a3 h4 21. b4 Nd7 22. g3 hxg3 23. hxg3 Rh8 24. f4 gxf4 25. gxf4 Kf7 26. Rd2 Rh4 27. Rf2 Qh8 28. Bg2 Rg8 29. Kf1 Bh3 30. Ne3 Bxg2+ 31. Nxg2 Rh3 32. Qd4 Qh5 33. Ke1 Rh2 34. e5 Rhxg2 35. Qd5+ Kf8 36. Rxg2 Qh1+ 37. Kf2 Rxg2+ 38. Qxg2 Qxa1 39. Qa8+ Ke7 40. exd6+ cxd6 41. Qe4+ Kd8 42. Qa8+ Kc7 43. Qa7+ Kc8 0-1

[Event "43. Zurich Weihnachtsopen 2019"]
[Site "Zurich/SUI"]
[Date "2019.12.27"]
[Round "3.1"]
[White "Loeffler, Markus"]
[Black "Lagarde, Maxime"]
[Result "0-1"]
[ECO "B23"]
[WhiteElo "2343"]
[BlackElo "2655"]
[Annotator "ChessBase"]
[PlyCount "82"]
[EventDate "2019.12.26"]
[EventType "swiss"]
[SourceTitle "playchess.com"]
[Source "ChessBase"]
[SourceQuality "1"]
[TimeControl "40/5400+30:1800+30"]

1. e4 c5 2. Nc3 d6 3. d4 cxd4 4. Qxd4 Nc6 5. Qd2 g6 6. b3 Bh6 7. f4 Nf6 8. Bb2 O-O 9. O-O-O e5 10. g3 Re8 11. Bg2 Bg4 12. Re1 Nd4 13. h3 Bd7 14. Kb1 Rc8 15. Nf3 Nb5 16. Nxb5 Bxb5 17. Ng5 Bg7 18. h4 h6 19. Nh3 Qc7 20. Nf2 a5 21. Bf3 a4 22. h5 axb3 23. cxb3 gxh5 24. Bxh5 Qc6 25. Bf3 Ra8 26. f5 d5 27. exd5 Qa6 28. Bxe5 Rxe5 29. Rxe5 Nd7 30. Re6 fxe6 31. dxe6 Nf6 32. Rc1 Bc6 33. Bxc6 bxc6 34. Rc4 Qb5 35. g4 Qe5 36. Qc3 Qe2 37. Qc2 Qe1+ 38. Nd1 Rd8 39. Kc1 Bf8 40. Ra4 Ne4 41. f6 Rd2 0-1

[Event "43. Zurich Weihnachtsopen 2019"]
[Site "Zurich/SUI"]
[Date "2019.12.27"]
[Round "3.2"]
[White "Martirosyan, Haik M."]
[Black "Zhang, Xiaopeng"]
[Result "1-0"]
[ECO "E63"]
[WhiteElo "2613"]
[BlackElo "2339"]
[Annotator "ChessBase"]
[PlyCount "69"]
[EventDate "2019.12.26"]
[EventType "swiss"]
[SourceTitle "playchess.com"]
[Source "ChessBase"]
[SourceQuality "1"]
[TimeControl "40/5400+30:1800+30"]

1. d4 Nf6 2. c4 g6 3. Nf3 Bg7 4. g3 d6 5. Bg2 O-O 6. Nc3 Nc6 7. O-O a6 8. d5 Na5 9. b3 c5 10. dxc6 bxc6 11. Bd2 Bd7 12. Rc1 Rb8 13. c5 Nb7 14. cxd6 exd6 15. Bf4 Qe7 16. h3 Rfd8 17. e4 Be8 18. Qe2 Nc5 19. e5 dxe5 20. Nxe5 Rbc8 21. Nxg6 Qxe2 22. Nxe2 hxg6 23. Rxc5 Nd5 24. Bg5 f6 25. Bd2 Bf8 26. Rc4 c5 27. Ba5 Rd6 28. Rfc1 Nb6 29. R4c2 Bf7 30. Bb7 Rcd8 31. Bxa6 Rd1+ 32. Kh2 Rxc1 33. Nxc1 Rd6 34. Bxb6 Rxb6 35. Bc4 1-0

[Event "43. Zurich Weihnachtsopen 2019"]
[Site "Zurich/SUI"]
[Date "2019.12.27"]
[Round "3.3"]
[White "Colmenares, Aurelio"]
[Black "Svane, Rasmus"]
[Result "0-1"]
[ECO "B15"]
[WhiteElo "2305"]
[BlackElo "2597"]
[Annotator "ChessBase"]
[PlyCount "64"]
[EventDate "2019.12.26"]
[EventType "swiss"]
[SourceTitle "playchess.com"]
[Source "ChessBase"]
[SourceQuality "1"]
[TimeControl "40/5400+30:1800+30"]

1. e4 c6 2. d4 d5 3. Nd2 dxe4 4. Nxe4 Nf6 5. Nxf6+ exf6 6. c3 Bd6 7. Bd3 O-O 8. Ne2 Re8 9. Qc2 h5 10. Be3 Nd7 11. O-O-O Nf8 12. Kb1 Be6 13. Bf5 Bd5 14. Nf4 Bxf4 15. Bxf4 Qa5 16. b3 Bxg2 17. Rhe1 Bf3 18. Rc1 Qd5 19. Re3 Bg4 20. Bd3 Ng6 21. Rce1 Rxe3 22. Bxe3 Re8 23. c4 Qd7 24. Kb2 Nh4 25. Qc3 Rd8 26. h3 Bxh3 27. Rh1 Nf3 28. Qa5 Bg4 29. d5 b6 30. Qc3 cxd5 31. cxd5 Rc8 32. Qb4 Qxd5 0-1

[Event "43. Zurich Weihnachtsopen 2019"]
[Site "Zurich/SUI"]
[Date "2019.12.27"]
[Round "3.4"]
[White "Wagner, Dennis"]
[Black "Paltrinieri, Nicholas"]
[Result "1-0"]
[ECO "A85"]
[WhiteElo "2578"]
[BlackElo "2332"]
[Annotator "ChessBase"]
[PlyCount "69"]
[EventDate "2019.12.26"]
[EventType "swiss"]
[SourceTitle "playchess.com"]
[Source "ChessBase"]
[SourceQuality "1"]
[TimeControl "40/5400+30:1800+30"]

1. d4 e6 2. c4 f5 3. g3 Nf6 4. Nf3 d5 5. Nc3 Be7 6. Bg2 Nc6 7. b3 Ne4 8. Bb2 Bf6 9. e3 b6 10. Rc1 Bb7 11. O-O h5 12. Ne2 Ne7 13. Nf4 g5 14. Nd3 Ng6 15. cxd5 Bxd5 16. Nb4 Qd6 17. Nxd5 exd5 18. Qc2 O-O-O 19. Rfd1 Rh7 20. Bf1 h4 21. g4 fxg4 22. Ne5 Bxe5 23. dxe5 Qf8 24. Rxd5 Rxd5 25. Qxe4 g3 26. fxg3 hxg3 27. hxg3 Qh6 28. Ba6+ Kb8 29. Qxd5 Qh2+ 30. Kf1 Rf7+ 31. Qxf7 Qh1+ 32. Ke2 Nf4+ 33. gxf4 Qg2+ 34. Kd3 Qd5+ 35. Qxd5 1-0

[Event "43. Zurich Weihnachtsopen 2019"]
[Site "Zurich/SUI"]
[Date "2019.12.27"]
[Round "3.5"]
[White "Kunin, Vitaly"]
[Black "Damjanovic, Vuk"]
[Result "1-0"]
[ECO "A49"]
[WhiteElo "2538"]
[BlackElo "2280"]
[Annotator "ChessBase"]
[PlyCount "115"]
[EventDate "2019.12.26"]
[EventType "swiss"]
[SourceTitle "playchess.com"]
[Source "ChessBase"]
[SourceQuality "1"]
[TimeControl "40/5400+30:1800+30"]

1. d4 Nf6 2. Nf3 g6 3. g3 Bg7 4. Bg2 O-O 5. O-O d6 6. a4 a5 7. Nc3 d5 8. Bf4 Nh5 9. Bg5 h6 10. Bd2 Nf6 11. Qc1 Kh7 12. Bf4 c6 13. Re1 Be6 14. e4 Nxe4 15. Nxe4 dxe4 16. Rxe4 Bd5 17. Re2 Nd7 18. c3 Re8 19. Qe1 e6 20. h4 b5 21. Ne5 Nxe5 22. Bxe5 Bxg2 23. Kxg2 Qd5+ 24. Kg1 bxa4 25. Bxg7 Kxg7 26. Rxa4 Qb5 27. Ra2 Qc4 28. Ra3 Reb8 29. Rd2 Rb5 30. Qf1 Qxf1+ 31. Kxf1 c5 32. dxc5 Rxc5 33. b4 Rc4 34. bxa5 Ra6 35. Ke2 Rc5 36. Rda2 Kf6 37. Kd3 Ke5 38. c4 Kd6 39. Kc3 Kc6 40. Kb4 e5 41. Rd3 e4 42. Rd5 Rxd5 43. cxd5+ Kxd5 44. Kb5 Ra8 45. a6 f5 46. a7 g5 47. h5 f4 48. gxf4 gxf4 49. Kb6 e3 50. fxe3 fxe3 51. Kb7 Rxa7+ 52. Rxa7 e2 53. Ra1 Ke4 54. Kc6 Kf3 55. Kd5 Kf2 56. Ke4 e1=Q+ 57. Rxe1 Kxe1 58. Kf5 1-0

[Event "43. Zurich Weihnachtsopen 2019"]
[Site "Zurich/SUI"]
[Date "2019.12.27"]
[Round "3.6"]
[White "Van Zyl-Rudd, Jack"]
[Black "Grover, Sahaj"]
[Result "0-1"]
[ECO "E36"]
[WhiteElo "2290"]
[BlackElo "2508"]
[Annotator "ChessBase"]
[PlyCount "104"]
[EventDate "2019.12.26"]
[EventType "swiss"]
[SourceTitle "playchess.com"]
[Source "ChessBase"]
[SourceQuality "1"]
[TimeControl "40/5400+30:1800+30"]

1. d4 e6 2. c4 Nf6 3. Nc3 Bb4 4. Qc2 d5 5. a3 Bxc3+ 6. Qxc3 dxc4 7. Qxc4 b6 8. Nf3 Ba6 9. Qa4+ Qd7 10. Qxd7+ Nbxd7 11. e3 Bb7 12. b4 O-O 13. Bb2 Rfc8 14. Be2 a5 15. b5 c6 16. bxc6 Rxc6 17. Bd3 Ba6 18. Kd2 Bxd3 19. Kxd3 Ng4 20. Rhf1 Rd8 21. Rac1 Rxc1 22. Bxc1 Nde5+ 23. Nxe5 Nxe5+ 24. Kc3 Rc8+ 25. Kb3 Nc4 26. e4 Nd6 27. f3 f6 28. Bb2 Nc4 29. Rc1 b5 30. Rc2 Kf7 31. Bc1 Ke7 32. a4 bxa4+ 33. Kxa4 Nb6+ 34. Kb3 Rxc2 35. Kxc2 Kd6 36. Ba3+ Kc6 37. Kc3 Kb5 38. Bf8 g6 39. g4 a4 40. h4 Nc4 41. Bg7 a3 42. Kb3 Nd2+ 43. Kxa3 Nxf3 44. Bxf6 Kc4 45. d5 exd5 46. e5 Nd4 47. h5 Ne6 48. hxg6 hxg6 49. Kb2 Kd3 50. Kb3 Ke3 51. Kc3 d4+ 52. Kc2 Ke2 0-1

[Event "43. Zurich Weihnachtsopen 2019"]
[Site "Zurich/SUI"]
[Date "2019.12.27"]
[Round "3.7"]
[White "Curien, Nicolas"]
[Black "Henderson de La Fuente, Lance"]
[Result "0-1"]
[ECO "C15"]
[WhiteElo "2257"]
[BlackElo "2492"]
[Annotator "ChessBase"]
[PlyCount "62"]
[EventDate "2019.12.26"]
[EventType "swiss"]
[SourceTitle "playchess.com"]
[Source "ChessBase"]
[SourceQuality "1"]
[TimeControl "40/5400+30:1800+30"]

1. d4 e6 2. e4 d5 3. Nc3 Bb4 4. a3 Bxc3+ 5. bxc3 dxe4 6. Qg4 Nf6 7. Qxg7 Rg8 8. Qh6 Rg6 9. Qe3 Nc6 10. Bb2 Ne7 11. c4 Nf5 12. Qc3 e3 13. f3 b5 14. d5 bxc4 15. Bxc4 Nxd5 16. Qh8+ Ke7 17. Qxd8+ Kxd8 18. O-O-O Nd6 19. Bxd5 exd5 20. Ne2 Rxg2 21. Nf4 Rf2 22. Nxd5 e2 23. Rde1 Bb7 24. Bf6+ Kd7 25. Bh4 Rxf3 26. Nf6+ Rxf6 27. Bxf6 Bxh1 28. Rxh1 Rg8 29. Bd4 Rg2 30. Bxa7 f5 31. Be3 Nc4 0-1

[Event "43. Zurich Weihnachtsopen 2019"]
[Site "Zurich/SUI"]
[Date "2019.12.28"]
[Round "4.2"]
[White "Grover, Sahaj"]
[Black "Martirosyan, Haik M."]
[Result "1/2-1/2"]
[ECO "C65"]
[WhiteElo "2508"]
[BlackElo "2613"]
[Annotator "ChessBase"]
[PlyCount "25"]
[EventDate "2019.12.26"]
[EventType "swiss"]
[SourceTitle "playchess.com"]
[Source "ChessBase"]
[SourceQuality "1"]
[TimeControl "40/5400+30:1800+30"]

1. e4 e5 2. Nf3 Nc6 3. Bb5 Nf6 4. d3 Bc5 5. c3 O-O 6. O-O Re8 7. d4 Bb6 8. Bg5 h6 9. Bxf6 Qxf6 10. Bxc6 Qxc6 11. Nxe5 Qxe4 12. Nd2 Qf5 13. Ndc4 1/2-1/2

[Event "43. Zurich Weihnachtsopen 2019"]
[Site "Zurich/SUI"]
[Date "2019.12.28"]
[Round "4.5"]
[White "Fecker, Noah"]
[Black "Maki-Uuro, Miikka"]
[Result "1/2-1/2"]
[ECO "B36"]
[WhiteElo "2277"]
[BlackElo "2331"]
[Annotator "NA"]
[PlyCount "50"]
[EventDate "2019.12.26"]
[EventType "swiss"]
[SourceTitle "playchess.com"]
[Source "ChessBase"]
[SourceQuality "1"]
[TimeControl "40/5400+30:1800+30"]

1. e4 c5 2. Nf3 g6 3. d4 cxd4 4. Nxd4 Nc6 5. c4 Nf6 6. Nc3 Nxd4 7. Qxd4 d6 8. Bg5 Bg7 9. f3 O-O 10. Qd2 a5 11. Rc1 a4 12. Be2 Qa5 13. Kf2 Bd7 14. Rhd1 Rfc8 15. Bxf6 Bxf6 16. Nd5 Qxd2 17. Rxd2 Kg7 18. Nb6 Bg5 19. Ke1 Bc6 20. Rcc2 Bxd2+ 21. Kxd2 Rd8 22. Nxa8 Rxa8 23. a3 f5 24. Ke3 fxe4 25. fxe4 Ra5 1/2-1/2

[Event "43. Zurich Weihnachtsopen 2019"]
[Site "Zurich/SUI"]
[Date "2019.12.28"]
[Round "4.6"]
[White "Unuk, Laura"]
[Black "Wagner, Leopold Franziskus"]
[Result "1-0"]
[ECO "D02"]
[WhiteElo "2305"]
[BlackElo "2150"]
[Annotator "NA"]
[PlyCount "39"]
[EventDate "2019.12.26"]
[EventType "swiss"]
[SourceTitle "playchess.com"]
[Source "ChessBase"]
[SourceQuality "1"]
[TimeControl "40/5400+30:1800+30"]

1. Nf3 d5 2. d4 Nf6 3. Bf4 Bf5 4. c3 e6 5. Nbd2 Bd6 6. e3 Nbd7 7. Be2 O-O 8. Ne5 Bxe5 9. dxe5 Ne4 10. g4 Bg6 11. h4 Nxd2 12. Qxd2 f6 13. exf6 Nxf6 14. h5 Ne4 15. Qd4 Be8 16. f3 Nd6 17. h6 Qe7 18. hxg7 Qxg7 19. Qxg7+ Kxg7 20. Bh6+ 1-0